 Dungeon Crawl Stone Soup version 0.21.1-1-g345015f (webtiles) character file.

683 wojtek the Grave Robber (level 7, 0/46 HPs)
             Began as a Demonspawn Necromancer on Mar 10, 2018.
             Was an Initiate of Vehumet.
             Shot with an arrow by a centaur (13 damage)
             ... on level 6 of the Dungeon.
             The game lasted 00:16:48 (8041 turns).

wojtek the Grave Robber (Demonspawn Necromancer)    Turns: 8041, Time: 00:16:49

Health: 0/46       AC:  3    Str: 16    XL:     7   Next: 35%
Magic:  13/13      EV: 13    Int: 18    God:    Vehumet [......]
Gold:   288        SH:  3    Dex: 13    Spells: 9/14 levels left

rFire    + . .     SeeInvis .   B - +0 dagger (venom)
rCold    . . .     Gourm    .   z - +0 buckler "Ehifuck" {Regen+ Stlth+}
rNeg     . . .     Faith    .   a - +0 robe
rPois    .         Spirit   .   u - +0 helmet
rElec    .         Reflect  .   (no cloak)
rCorr    +         Harm     .   (no gloves)
MR       .....                  (no boots)
Stlth    +++.......             (no amulet)
HPRegen  0.55/turn              p - +2 ring of strength
MPRegen  0.13/turn              g - ring of resist corrosion

@: mighty, lethally poisoned (0 -> -1)
A: hooves 1, fire resistance 1, powered by pain 2, flame cloud immunity
a: Renounce Religion


You were on level 6 of the Dungeon.
You worshipped Vehumet.
Vehumet was noncommittal.
You were very hungry.

You visited 2 branches of the dungeon, and saw 7 of its levels.

You collected 288 gold pieces.

Inventory:

Hand Weapons
 e - a +0 short sword
 v - a -2 hunting sling
 B - a +0 dagger of venom (weapon)
Missiles
 m - 22 poisoned needles
Armour
 a - a +0 robe (worn)
 f - a cursed +0 chain mail
 u - a +0 helmet (worn)
 z - the +0 buckler "Ehifuck" (worn) {Regen+ Stlth+}
   (You took it off an orc on level 4 of the Dungeon)

   It increases your rate of regeneration.
   It makes you more stealthy.
Jewellery
 g - a ring of resist corrosion (right hand)
 p - a +2 ring of strength (left hand)
Wands
 h - a wand of enslavement (4)
Scrolls
 d - a scroll of enchant armour {unknown}
 i - 2 scrolls of remove curse
 k - 2 scrolls of noise {unknown}
 l - 3 scrolls of fog {unknown}
 n - 4 scrolls of identify
 r - a scroll of immolation {unknown}
 s - 4 scrolls of teleportation
 x - 2 scrolls of random uselessness {unknown}
 y - a scroll of enchant weapon {unknown}
Potions
 j - 3 potions of brilliance {unknown}
 o - a potion of invisibility {unknown}
 q - a potion of berserk rage {unknown}
 t - a potion of curing {unknown}
 w - a potion of might {unknown}
Books
 b - a book of Necromancy

   Spells                             Type                      Level
   a - Pain                           Necromancy                   1
   b - Animate Skeleton               Necromancy                   1
   c - Vampiric Draining              Necromancy                   3
   d - Regeneration                   Charms/Necromancy            3
   e - Animate Dead                   Necromancy                   4
   f - Borgnjor's Vile Clutch         Necromancy/Earth             5
Comestibles
 c - 5 rations


   Skills:
 + Level 4.2 Dodging
 - Level 1.7 Stealth
 + Level 4.3 Spellcasting
 - Level 7.3 Necromancy


You had 9 spell levels left.
You knew the following spells:

 Your Spells              Type           Power        Failure   Level  Hunger
a - Pain                  Necr           ####         1%          1    None
b - Animate Dead          Necr           N/A          12%         4    ####...


Dungeon Overview and Level Annotations

Branches:
Dungeon (6/15)             Temple (1/1) D:5

Altars:
Ashenzari
Cheibriados
Dithmenos
Elyvilon
Fedhas
Gozag
Kikubaaqudgha
Makhleb
Nemelex Xobeh
Okawaru
Qazlal
Ru
Trog
Vehumet
Wu Jian
Yredelemnul
Zin

Shops:
D:5 }

Annotations:
D:4 exclusion: phantom, bmj180's ghost, novice HaFi


Innate Abilities, Weirdness & Mutations

You have large cloven feet.
Your flesh is heat resistant. (rF+)
You sometimes gain power by taking damage.
You are immune to clouds of flame.


Message History

You feel sick. The howler monkey barely misses you.
The centaur wields a shortbow.
The centaur shoots an arrow.
The arrow barely misses you. The worker ant misses you.
You hit the worker ant but do no damage.
The worker ant looks even sicker.
You kick the worker ant.
The worker ant is severely wounded.
The howler monkey barely misses you.
The centaur shoots an arrow.
The arrow hits you!
You focus on the pain.
You feel very mighty all of a sudden. You block the worker ant's attack.
The howler monkey hits you.
* * * LOW HITPOINT WARNING * * *
You block the worker ant's attack.
You feel sick.
You kill the worker ant!
Vehumet accepts your kill.
The centaur shoots an arrow.
The arrow closely misses you.
The centaur shoots an arrow.
You block the arrow.
You see here 2 arrows.
The centaur shoots an arrow.
The arrow hits you!
You die...

############..cW
............?...
............... #######
.............# #.....#
.............# #.....#
.............# #.....#
.............#####.....#
./.....h(@.=.?.........#
.......................#
..................<....#
...........$.#######...#
.............# ...#E#
.............# ...###
#######...#### ......
#.... ._.... ......


You could see a phantom (wandering), a centaur and a howler monkey.

Vanquished Creatures
  An ice beast (D:5)
  An orc priest (D:2)
  A hound (D:5)
  A bullfrog skeleton (D:4)
  3 orc wizards
  2 centaur skeletons (D:5)
  2 iguanas (D:4)
  4 worker ants
  3 gnolls
  4 adders
  A shadow imp (D:5)
  An ooze (D:1)
  An adder skeleton (D:5)
  2 worms
  2 dart slugs
  5 leopard geckos
  17 orcs
  10 bats
  5 giant cockroaches
  8 goblins
  9 hobgoblins
  5 jackals (D:3)
  2 quokkas
  4 frilled lizards
  11 kobolds
  A quokka skeleton (D:3)
  3 rats
109 creatures vanquished.

Vanquished Creatures (others)
  An orc wizard (D:3)
1 creature vanquished.

Grand Total: 110 creatures vanquished

Notes
Turn   | Place    | Note
-------+----------+-------------------------------------------
     0 | D:1      | wojtek the Demonspawn Necromancer began the quest for the Orb.
     0 | D:1      | Reached XP level 1. HP: 13/13 MP: 3/3
   222 | D:1      | Gained mutation: You have large cloven feet. [demonic ancestry]
   222 | D:1      | Reached XP level 2. HP: 18/19 MP: 1/5
   311 | D:1      | Reached skill level 5 in Necromancy
  1073 | D:1      | Reached XP level 3. HP: 23/24 MP: 3/6
  1866 | D:2      | Reached skill level 6 in Necromancy
  1961 | D:2      | Gained mutation: Your flesh is heat resistant. (rF+) [demonic ancestry]
  1961 | D:2      | Reached XP level 4. HP: 29/30 MP: 5/7
  3144 | D:2      | Reached skill level 7 in Necromancy
  3144 | D:2      | Gained mutation: You are immune to clouds of flame. [demonic ancestry]
  3144 | D:2      | Reached XP level 5. HP: 28/35 MP: 2/8
  3933 | D:3      | Found an opulent altar of Gozag.
  4009 | D:3      | Found a sacrificial altar of Ru.
  4670 | D:3      | Found a shadowy altar of Dithmenos.
  4952 | D:4      | Noticed bmj180's ghost (novice HaFi)
  4961 | D:3      | Learned a level 4 spell: Animate Dead
  5380 | D:4      | Noticed a phantom
  5433 | D:4      | Gained mutation: You sometimes gain a little power by taking damage. [demonic ancestry]
  5433 | D:4      | Reached XP level 6. HP: 24/41 MP: 8/10
  5441 | D:4      | HP: 2/41 [phantom (2)]
  5760 | D:4      | Got a translucent buckler
  5767 | D:4      | Identified the +0 buckler "Ehifuck" {Regen+ Stlth+} (You took it off an orc on level 4 of the Dungeon)
  6199 | D:5      | Entered Level 5 of the Dungeon
  6241 | D:5      | Found a burning altar of Makhleb.
  6335 | D:5      | Noticed an ice beast
  7001 | D:5      | Found a staircase to the Ecumenical Temple.
  7008 | Temple   | Entered the Ecumenical Temple
  7060 | Temple   | Became a worshipper of Vehumet
  7287 | D:5      | Found a glowing silver altar of Zin.
  7354 | D:5      | Gained mutation: You sometimes gain power by taking damage. [demonic ancestry]
  7354 | D:5      | Reached XP level 7. HP: 36/46 MP: 12/12
  7549 | D:5      | Found Luciugur's Gadget Shoppe.
  8016 | D:6      | Found a stormy altar of Qazlal.
  8041 | D:6      | Shot with an arrow by a centaur

Skill      XL: |  1  2  3  4  5  6  7 |
---------------+----------------------+-----
Necromancy     | 5 6 7 |  7.3
Dodging        | 2 3 4 |  4.2
Spellcasting   | 3 4 |  4.3
Stealth        | |  1.7

Action                   |  1- 3 |  4- 6 |  7- 9 || total
-------------------------+-------+-------+-------++-------
Melee: Short sword       |    20 |    16 |       ||    36
       Kick              |     2 |    20 |    12 ||    34
       Dagger            |       |    53 |    31 ||    84
 Cast: Pain              |    54 |   147 |       ||   201
Evoke: Wand              |       |     4 |       ||     4
  Use: Scroll            |       |     3 |       ||     3
 Stab: Sleeping          |       |     2 |     1 ||     3
  Eat: Chunk             |     4 |    10 |     2 ||    16
       Ration            |       |     2 |       ||     2
Armor: Robe              |     4 |    23 |     5 ||    32
Dodge: Dodged            |    24 |    66 |    16 ||   106
Block: Buckler           |       |     6 |     8 ||    14
